 Dungeon Crawl Stone Soup version 0.25-a0-96-g4073cf8 (webtiles) character file.

Game seed: 6962854198235402868, levelgen mode: deterministic

11696 silenth the Geomancer (level 11, -2/67 HPs)
             Began as a Deep Elf Earth Elementalist on Nov 11, 2019.
             Was a Priest of Vehumet.
             Killed from afar by a wizard (69 damage)
             ... with a crystal spear
             ... on level 10 of the Dungeon.
             The game lasted 00:22:17 (12304 turns).

silenth the Geomancer (DEEE)                       Turns: 12304, Time: 00:22:18

Health: -2/67      AC:  8    Str:  7    XL:     11   Next: 52%
Magic:  15/24      EV: 19    Int: 24    God:    Vehumet [***...]
Gold:   385        SH:  0    Dex: 17    Spells: 9/24 levels left

rFire    + . .     SeeInvis +   a - +0 dagger (elec)
rCold    . . .     Gourm    .   (no shield)
rNeg     + + +     Faith    .   P - +2 robe {rC+ rF+}
rPois    +         Spirit   .   E - +0 helmet
rElec    .         Reflect  .   I - +1 cloak {rPois}
rCorr    .         Harm     .   N - +0 pair of gloves
MR       ++...                  (no boots)
Stlth    +++.......             y - amulet of regeneration
HPRegen  0.61/turn              v - ring "Huulaemm" {rC- rN+++ MR+ Str+2 SInv}
MPRegen  0.19/turn              d - +2 ring of dexterity

@: no status effects
A: no striking features
a: Renounce Religion


You were on level 10 of the Dungeon.
You worshipped Vehumet.
Vehumet was most pleased with you.
You were not hungry.

You visited 2 branches of the dungeon, and saw 11 of its levels.
You also visited: Sewer and Bailey.

You collected 560 gold pieces.
You spent 175 gold pieces at shops.

Inventory:

Hand Weapons
 a - a +0 dagger of electrocution (weapon)
 i - the +4 war axe "Yrchos" {vamp, *Noise Int+4 Dex+3, unknown}
   (You found it on level 10 of the Dungeon)

   It inflicts no extra harm, but heals its wielder when it wounds a living foe.
   It affects your intelligence (+4).
   It affects your dexterity (+3).
   It may make noises in combat.
 x - a +3 flail of crushing
 G - a +2 long sword of freezing
 J - a +3 short sword of freezing
Missiles
 b - 139 stones (quivered)
Armour
 o - a +1 robe of positive energy
 r - a +2 robe of magic resistance
 s - +0 steam dragon scales
 z - the +1 scale mail of the Alphagorgon {rPois rC+ rN+}
   (You found it on level 5 of the Dungeon)

   It protects you from cold.
   It protects you from poison.
   It protects you from negative energy.
 C - a +3 leather armour of cold resistance
 E - a +0 helmet (worn)
 I - a +1 cloak of poison resistance (worn)
 M - a +0 shield
 N - a +0 pair of gloves (worn)
 P - a +2 robe of resistance (worn)
Jewellery
 d - a +2 ring of dexterity (right hand)
 v - the ring "Huulaemm" (left hand) {rC- rN+++ MR+ Str+2 SInv}
   (You found it on level 4 of the Dungeon)

   [ring of see invisible]

   It affects your strength (+2).
   It makes you vulnerable to cold.
   It renders you almost immune to negative energy.
   It affects your resistance to hostile enchantments.
   It lets you see invisible.
 y - an amulet of regeneration (around neck)
 F - an uncursed ring of protection from magic
 L - an uncursed amulet of the gourmand
Wands
 g - a wand of flame (28)
 A - a wand of paralysis (1)
 D - a wand of iceblast (5)
Scrolls
 c - a scroll of fog
 q - 3 scrolls of blinking
 t - a scroll of magic mapping
 u - 5 scrolls of teleportation
 H - a scroll of amnesia
 K - a scroll of enchant weapon
Potions
 f - 5 potions of flight
 h - 3 potions of haste
 j - 4 potions of curing
 l - a potion of might
 m - 3 potions of heal wounds
 n - a potion of resistance
 p - 2 potions of brilliance
 w - a potion of cancellation
 B - 3 potions of lignification
 O - 2 potions of ambrosia
Miscellaneous
 k - a lightning rod (4/4)
Comestibles
 e - 13 rations


   Skills:
 + Level 7.6 Fighting
 + Level 9.2 Dodging
 - Level 4.5 Stealth
 + Level 7.4 Spellcasting
 - Level 9.0 Conjurations
 - Level 1.1 Transmutations
 + Level 2.0 Air Magic
 - Level 10.3 Earth Magic
 - Level 4.0 Evocations


You had 9 spell levels left.
You knew the following spells:

 Your Spells              Type           Power        Failure   Level  Hunger
a - Sandblast             Erth           ######       1%          1    None
b - Passwall              Tmut/Erth      #####...     1%          2    None
c - Stone Arrow           Conj/Erth      ######       1%          3    None
d - Lee's Rapid Deconstr  Erth           ######....   1%          5    #####..
e - Airstrike             Air            ###.......   8%          4    ###....

Your spell library contained the following spells:

 Spells                   Type           Power        Failure   Level  Hunger
 Static Discharge         Conj/Air       #####...     1%          3    None
 Petrify                  Tmut/Erth      #####...     6%          4    ###....
 Confuse                  Hex            #.......     21%         3    None
 Tukima's Dance           Hex            #.......     21%         3    None
 Discord                  Hex            #.........   100%        8    #######


Dungeon Overview and Level Annotations

Branches:
Dungeon (10/15)            Temple (1/1) D:6            Lair (0/6) D:9
    Orc (0/2) D:9           Sewer (visited)          Bailey (visited)

Altars:
Dithmenos
Elyvilon
Gozag
Hepliaklqana
Kikubaaqudgha
Makhleb
Nemelex Xobeh
Okawaru
Qazlal
Ru
Sif Muna
Trog
Vehumet
Wu Jian
Xom
Zin

Shops:
D:7 (   D:8 [

Annotations:
D:3 1 runed translucent door, Dittersdorf's ghost, amateur MfFi


Message History

The stone arrow misses the wizard.
The wizard hits you but does no damage.
Casting: Stone Arrow (safe; 1% risk of failure)
Confirm with . or Enter, or press ? or * to list all spells.
Aiming: Stone Arrow (safe; 1% risk of failure)
Press: ? - help, Shift-Dir - straight line, f/p - wizard
Aim: a wizard, wielding a +0 dagger and wearing a +0 robe (fast)
The stone arrow hits the wizard!
The wizard is moderately wounded.
The wizard hits you but does no damage. The wizard barely misses you.
Casting: Stone Arrow (safe; 1% risk of failure)
Confirm with . or Enter, or press ? or * to list all spells.
Aiming: Stone Arrow (safe; 1% risk of failure)
Press: ? - help, Shift-Dir - straight line, f/p - wizard
Aim: a wizard, wielding a +0 dagger and wearing a +0 robe (moderately wounded, fast)
The stone arrow hits the wizard!!
The wizard is almost dead.
The wizard gestures at you while chanting.
The crystal spear hits you!!!
Ouch! That really hurt!
You die...

......# ▓...▓.▓▓▓'▓▓▓)..+.▓.▓▓#.#
......# ▓.8.▓.▓.....▒o.▓▓▓.▓.▓#.#
......# ▓.▓.▓.▓▓...▓▓.▓▓▓.▓▓.▓#.#
......# ▓.8.▓.▓.....▓ ▓▓.▓▓▓'▓#.#
...†....▓.▓...▓▓...▓▓▓▓.▓▓8..▓#.#
........▓.8▓▓.▓.....▓▓.▓▓▓▓.▓▓#..
########▓.....'.....'.▓▓ ▓.▓ ###
# ▓▓▓▓▓.▓p....▓▓▓ ▓.▓
▓(.S▓)▓▓@..▓▓ ▓.▓ ▓.8.▓.▓▓▓.▓▓
▓.▓▓## ▓.o.'.▓ ▓.▓ ▓.▓▓.# ▓▓▓▓▓▓▓
▓.▓ ▓▓▓▓▓▓▓▓▓.# #.####.........##
#................
######........... #...........
#.<.........


You could see a wizard.

Vanquished Creatures
  2 orc high priests (Bailey)
  An unseen horror (D:8)
  Pikel (D:4)
  An orc knight (Bailey)
  An ugly thing (D:8)
  2 hornets
  Prince Ribbit (D:5)
  A slime creature (D:10)
  4 hippogriffs
  Sigmund (D:3)
  2 wyverns (D:9)
  Eustachio (D:6)
  2 hungry ghosts
  A steam dragon (D:10)
  2 basilisks (D:9)
  Edmund (D:6)
  An acid dragon (D:9)
  2 soldier ants (D:8)
  A water moccasin (D:10)
  2 sky beasts
  2 slaves (D:4)
  A phantom (D:9)
  11 orc warriors
  2 necrophages
  5 ogres
  3 black bears
  4 centaurs
  2 crocodiles (D:9)
  2 big kobolds
  4 bullfrogs
  A gnoll sergeant (D:9)
  2 scorpions
  9 wights (D:8)
  4 electric eels (Bailey)
  3 howler monkeys
  3 crimson imps
  A centaur zombie (D:9)
  5 hounds
  2 jellies
  An orc priest (D:6)
  2 bullfrog skeletons
  A gnoll shaman (D:9)
  Crazy Yiuf (D:3)
  4 centaur skeletons
  2 iguanas
  11 orc wizards
  6 worker ants
  Terence (D:3)
  A hound skeleton (D:7)
  12 gnolls
  12 adders
  2 howler monkey skeletons (D:8)
  2 river rats (Sewer)
  A shadow imp (D:5)
  2 oozes
  2 adder skeletons
  5 worms
  A dart slug (D:1)
  10 leopard geckos
  22 orcs
  A ball python (D:4)
  8 giant cockroaches
  25 goblins
  11 hobgoblins
  6 jackals
  15 kobolds
  4 quokkas
  2 bats
  2 frilled lizards (D:2)
  7 rats
278 creatures vanquished.

Notes
Turn   | Place    | Note
-------+----------+-------------------------------------------
     0 | D:1      | silenth the Deep Elf Earth Elementalist began the quest for
                  | the Orb.
     0 | D:1      | Reached XP level 1. HP: 10/10 MP: 6/6
   275 | D:1      | Reached XP level 2. HP: 15/15 MP: 5/8
   305 | D:1      | Learned a level 2 spell: Passwall
   668 | D:1      | Reached skill level 4 in Earth Magic
   941 | D:2      | Found a faded altar of an unknown god.
  1139 | D:2      | Reached XP level 3. HP: 19/19 MP: 8/10
  1144 | D:2      | Learned a level 3 spell: Stone Arrow
  1302 | D:2      | Reached skill level 1 in Conjurations
  1413 | D:2      | Reached skill level 4 in Spellcasting
  1418 | D:2      | Reached XP level 4. HP: 24/24 MP: 6/12
  1518 | D:2      | You fall into a shaft and drop 2 floors!
  1592 | D:3      | Found a runed translucent door.
  1594 | D:3      | Noticed a bullfrog
  1610 | D:3      | Noticed Dittersdorf's ghost (amateur MfFi)
  1777 | D:3      | Found a glowing drain.
  1918 | Sewer    | Entered a sewer
  1924 | Sewer    | Reached skill level 5 in Earth Magic
  2010 | Sewer    | Noticed a big kobold
  2011 | Sewer    | Reached skill level 2 in Conjurations
  2013 | Sewer    | Reached XP level 5. HP: 28/28 MP: 9/13
  2019 | Sewer    | Reached skill level 1 in Fighting
  2130 | Sewer    | Found a glowing silver altar of Zin.
  2424 | D:3      | Noticed Terence
  2431 | D:3      | Killed Terence
  2548 | D:3      | Found a runed translucent door.
  2549 | D:3      | Noticed Crazy Yiuf
  2618 | D:3      | Noticed Sigmund
  2624 | D:3      | Killed Sigmund
  2624 | D:3      | Reached skill level 5 in Spellcasting
  2624 | D:3      | Reached skill level 3 in Conjurations
  2624 | D:3      | Reached XP level 6. HP: 20/34 MP: 7/15
  3032 | D:3      | Killed Crazy Yiuf
  3338 | D:4      | Got a steaming wooden ring
  3411 | D:4      | Reached skill level 6 in Earth Magic
  3466 | D:4      | Found a shimmering altar of Xom.
  3468 | D:4      | Found a white marble altar of Elyvilon.
  3468 | D:4      | Found a sparkling altar of Nemelex Xobeh.
  3470 | D:4      | Found a sparkling altar of Nemelex Xobeh.
  3470 | D:4      | Found a bloodstained altar of Trog.
  3470 | D:4      | Found an ancient bone altar of Kikubaaqudgha.
  3762 | D:5      | Entered Level 5 of the Dungeon
  3764 | D:5      | Identified the ring "Huulaemm" {rC- rN+++ MR+ Str+2 SInv}
                  | (You found it on level 4 of the Dungeon)
  3816 | D:5      | Reached XP level 7. HP: 10/39 MP: 10/16
  4012 | D:5      | Learned a level 5 spell: Lee's Rapid Deconstruction
  4039 | D:5      | Reached skill level 4 in Conjurations
  4071 | D:5      | Got an ancient scale mail
  4082 | D:5      | Identified the +1 scale mail of the Alphagorgon {rPois rC+
                  | rN+} (You found it on level 5 of the Dungeon)
  4125 | D:5      | Reached skill level 2 in Fighting
  4189 | D:5      | Noticed Pikel
  4458 | D:5      | Noticed Prince Ribbit
  4465 | D:5      | Killed Prince Ribbit
  4465 | D:5      | Reached skill level 6 in Spellcasting
  4465 | D:5      | Reached skill level 5 in Conjurations
  4465 | D:5      | Reached skill level 7 in Earth Magic
  4465 | D:5      | Reached XP level 8. HP: 19/45 MP: 5/19
  4809 | D:4      | Killed Pikel
  4809 | D:4      | Reached skill level 3 in Fighting
  4809 | D:4      | Reached skill level 6 in Conjurations
  5295 | D:6      | Reached skill level 8 in Earth Magic
  5386 | D:6      | Reached skill level 7 in Spellcasting
  5388 | D:6      | Reached skill level 3 in Dodging
  5503 | D:6      | Found a staircase to the Ecumenical Temple.
  5505 | D:6      | Noticed Edmund
  5523 | D:6      | Reached XP level 9. HP: 43/51 MP: 5/21
  5536 | D:6      | Killed Edmund
  5536 | D:6      | Reached skill level 7 in Conjurations
  5676 | Temple   | Entered the Ecumenical Temple
  5841 | Temple   | Became a worshipper of Vehumet
  6150 | D:6      | Noticed Eustachio
  6160 | D:6      | Killed Eustachio
  6748 | D:7      | Reached skill level 9 in Earth Magic
  6760 | D:7      | Reached skill level 4 in Dodging
  6760 | D:7      | Reached skill level 3 in Stealth
  6761 | D:7      | Reached skill level 1 in Evocations
  6832 | D:7      | Reached skill level 4 in Fighting
  6936 | D:7      | Found Coja's Weapon Shoppe.
  7115 | D:7      | Reached * piety under Vehumet
  7115 | D:7      | Offered knowledge of Magic Dart by Vehumet.
  7115 | D:7      | Reached skill level 2 in Evocations
  7490 | D:8      | Noticed an unseen horror
  7500 | D:8      | Killed an unseen horror
  7500 | D:8      | Reached skill level 4 in Stealth
  7500 | D:8      | Reached skill level 8 in Conjurations
  7502 | D:8      | Reached skill level 10 in Earth Magic
  7503 | D:8      | Reached XP level 10. HP: 46/58 MP: 2/22
  8213 | D:8      | Noticed a red ugly thing
  8216 | D:8      | Found Zinuli's Armour Shop.
  8223 | D:8      | Killed a red ugly thing
  8223 | D:8      | Reached skill level 5 in Fighting
  8326 | D:8      | Bought a +1 cloak of poison resistance for 175 gold pieces
  8406 | D:8      | Reached skill level 5 in Dodging
  8777 | D:8      | Reached skill level 9 in Conjurations
  8973 | D:9      | Reached ** piety under Vehumet
  8980 | D:9      | Offered knowledge of Sting by Vehumet.
  9089 | D:9      | Reached skill level 6 in Dodging
  9099 | D:9      | Found an opulent altar of Gozag.
  9113 | D:9      | Found a staircase to the Orcish Mines.
  9205 | D:9      | Reached skill level 6 in Fighting
  9234 | D:9      | Found a flagged portal.
  9318 | Bailey   | Entered a bailey
  9481 | Bailey   | Found an iron altar of Okawaru.
  9481 | Bailey   | Noticed an orc high priest
  9481 | Bailey   | Noticed an orc high priest
  9510 | Bailey   | Reached skill level 7 in Dodging
  9513 | Bailey   | Killed an orc high priest
  9530 | Bailey   | Killed an orc high priest
  9530 | Bailey   | Reached XP level 11. HP: 35/66 MP: 0/23
  9551 | Bailey   | Reached skill level 8 in Dodging
  9688 | Bailey   | Noticed an orc knight
  9694 | Bailey   | Offered knowledge of Throw Frost by Vehumet.
  9717 | Bailey   | Killed an orc knight
  9717 | Bailey   | Reached skill level 7 in Fighting
  9958 | Bailey   | Identified Ysuphied's Handbook of the Cloudy Oath (You
                  | acquired it in a bailey)
 10131 | Bailey   | Reached *** piety under Vehumet
 10703 | D:9      | Reached skill level 3 in Evocations
 10764 | D:9      | Offered knowledge of Airstrike by Vehumet.
 10818 | D:9      | Learned a level 4 spell: Airstrike
 10827 | D:9      | Found a staircase to the Lair.
 11251 | D:9      | Reached skill level 1 in Air Magic
 11445 | D:10     | Entered Level 10 of the Dungeon
 11466 | D:10     | Reached skill level 9 in Dodging
 11887 | D:10     | Reached skill level 4 in Evocations
 12050 | D:10     | Noticed a wizard
 12091 | D:10     | Reached skill level 2 in Air Magic
 12214 | D:10     | Got a steaming war axe
 12304 | D:10     | Killed from afar by a wizard

Levels and vault maps discovered:
D:1:      lightli_arrival_maybe_door_vault, layout_loops_ring,
          kennysheep_another_room
D:2:      layout_basic, chequers_ecumenical_altar_simple
D:3:      layout_basic, portal_sewer_entry_f, ebering_ghost_sewer_d,
          hangedman_decor_clover_reticule, uniq_terence,
          uniq_crazy_yiuf_cottage, uniq_sigmund
D:4:      layout_gridville, doesnt_xom_only_xom
D:5:      layout_cave_pools, first_ration, uniq_pikel, uniq_prince_ribbit1
D:6:      layout_loops_ring, minmay_temple_entry_sparse_star, uniq_edmund,
          uniq_eustachio
D:7:      layout_rooms, serial_shops, shop
D:8:      layout_cave_pods, serial_shops, nicolae_shop_trees,
          hangedman_pestilent_swarm
D:9:      layout_long_grid, erik_lair_dragon, orc_0_dummy, enter_bailey_3,
          nicolae_gozag_seed_capital
D:10:     wad_arrow_thing, layout_small_grid
Temple:   roderic_octagonal_lattice_temple

Skill      XL: |  1  2  3  4  5  6  7  8  9 10 11 |
---------------+----------------------------------+-----
Earth Magic    | 4 5 6 7 8 10 | 10.3
Conjurations   | 1 2 3 5 6 8 9 |  9.0
Spellcasting   | 4 5 6 7 |  7.4
Fighting       | 1 2 3 4 6 7 |  7.6
Dodging        | 3 4 7 9 |  9.2
Stealth        | 4 |  4.5
Evocations     | 2 4 |  4.0
Air Magic      | 2 |  2.0
Transmutations | |  1.1

Action                   |  1- 3 |  4- 6 |  7- 9 | 10-12 || total
-------------------------+-------+-------+-------+-------++-------
Melee: Dagger            |    21 |    15 |    34 |   170 ||   240
 Cast: Sandblast         |    44 |    62 |    43 |    39 ||   188
       Stone Arrow       |     1 |     7 |    63 |   158 ||   229
       Lee's Rapid Decon |       |       |     2 |     6 ||     8
       Airstrike         |       |       |       |     3 ||     3
Evoke: Wand              |       |       |       |     8 ||     8
  Use: Scroll            |       |    12 |    11 |     5 ||    28
       Potion            |       |       |       |     4 ||     4
 Stab: Distracted        |     1 |       |     1 |       ||     2
       Paralysed         |       |       |       |     8 ||     8
       Sleeping          |       |       |       |     1 ||     1
  Eat: Chunk             |     1 |     5 |     8 |     1 ||    15
       Ration            |       |     1 |     1 |     5 ||     7
Armor: Robe              |     3 |     8 |     7 |    62 ||    80
       Leather armour    |       |       |    14 |       ||    14
Dodge: Dodged            |    14 |    30 |    62 |   221 ||   327

Table legend:
 A = Non-vault XP
 B = Vault XP
 C = Vault XP percentage of total XP
 D = Non-vault monster count
 E = Vault monster count
 F = Vault count percentage of total count
                 A         B        C        D         E       F
            +---------+---------+-------+---------+---------+-------
      Total |    8872 |    7837 |  46.9 |     192 |      83 |  30.2
            +---------+---------+-------+---------+---------+-------
        D:1 |      31 |       0 |   0.0 |      14 |       0 |   0.0
        D:2 |      67 |       0 |   0.0 |      19 |       0 |   0.0
        D:3 |      57 |     300 |  84.0 |      17 |       8 |  32.0
        D:4 |     113 |     673 |  85.6 |      10 |       1 |   9.1
        D:5 |     530 |     286 |  35.0 |      13 |       1 |   7.1
        D:6 |     958 |     377 |  28.2 |      22 |       2 |   8.3
        D:7 |    1029 |       0 |   0.0 |      20 |       0 |   0.0
        D:8 |    3145 |     607 |  16.2 |      34 |       4 |  10.5
        D:9 |    2008 |     854 |  29.8 |      33 |       9 |  21.4
       D:10 |     934 |     803 |  46.2 |      10 |       4 |  28.6
      Sewer |       0 |     138 | 100.0 |       0 |      11 | 100.0
     Bailey |       0 |    3799 | 100.0 |       0 |      43 | 100.0
            +---------+---------+-------+---------+---------+-------
